 Dungeon Crawl Stone Soup version 0.19.1-1-g22dce08 (webtiles) character file.

27351 kae the Carver (level 13, -1/104 HPs)
             Began as a Formicid Fighter on Jan 2, 2017.
             Was a High Priest of Okawaru.
             Slain by an 11-headed hydra (9 damage)
             ... on level 13 of the Dungeon.
             The game lasted 00:17:48 (13959 turns).

kae the Carver (Formicid Fighter)                  Turns: 13959, Time: 00:17:49

Health: -1/104     AC: 18    Str: 26    XL:     13   Next: 65%
Magic:  12/20      EV: 14    Int:  8    God:    Okawaru [*****.]
Gold:   548        SH: 21    Dex: 10    Spells: 0 memorised, 12 levels left

rFire  . . .     SeeInvis +     b - +8 demon blade "Bloodbane" {slice, *Rage +Rage Stlth-}
rCold  . . .     Gourm    .     p - +0 scale mail
rNeg   + . .     Faith    .     E - +0 large shield {AC+3}
rPois  .         Spirit   .     (helmet unavailable)
rElec  .         Reflect  .     (no cloak)
rCorr  .         Harm     .     (no gloves)
MR     +....                    v - +1 pair of boots
Stlth  ..........               (no amulet)
                                D - ring of positive energy
                                s - +2 ring of evasion

@: heroism, finesse
A: permanent stasis, dig shafts and tunnels, four strong arms, antennae 3, icy
blue scales 1
a: Dig, Shaft Self, Heroism, Finesse, Renounce Religion


You were on level 13 of the Dungeon.
You worshipped Okawaru.
Okawaru was extremely pleased with you.
You were near starving.

You visited 2 branches of the dungeon, and saw 16 of its levels.

You collected 799 gold pieces.
You spent 251 gold pieces at shops.

Inventory:

Hand Weapons
 a - a +5 double sword
 b - the +8 demon blade "Bloodbane" (weapon) {slice, *Rage +Rage Stlth-}
   (You found it on level 4 of the Dungeon)

   It inflicts extra damage upon your enemies.
   It lets you go berserk.
   It may make you go berserk in combat.
   It makes you less stealthy.
 c - a +1 flail
 N - a +6 falchion of draining
Missiles
 d - 3 throwing nets (quivered)
Armour
 p - a +0 scale mail (worn)
 v - a +1 pair of boots (worn)
 E - a +0 large shield of protection (worn)
 O - a +0 plate armour of cold resistance
Jewellery
 m - an uncursed ring of protection from cold
 s - a +2 ring of evasion (left hand)
 D - a ring of positive energy (right hand)
Wands
 j - a wand of iceblast (3/15)
 q - a wand of disintegration (15/24)
 r - a wand of digging (11/24)
 t - a wand of random effects (2/48)
 u - a wand of flame (15/48)
 y - a wand of enslavement (15/24)
 G - a wand of lightning (10/15)
 K - a wand of random effects (17/48)
 M - a wand of digging (9/24)
 P - a wand of lightning (7/15)
Scrolls
 k - 2 scrolls of identify
 l - 8 scrolls of remove curse
 n - 8 scrolls of recharging
 B - 4 scrolls of enchant armour
 C - a scroll of amnesia
Potions
 e - 7 potions of curing
 g - 2 potions of flight
 h - a potion of mutation
 o - 2 potions of brilliance
 w - a potion of might
 x - a potion of magic
 A - a potion of lignification
 I - 2 potions of agility
 L - a potion of invisibility
Books
 F - a book of Frost

   Spells                             Type                      Level
   a - Freeze                         Ice                          1
   b - Throw Frost                    Conjuration/Ice              2
   c - Ozocubu's Armour               Charms/Ice                   3
   d - Throw Icicle                   Conjuration/Ice              4
   e - Summon Ice Beast               Ice/Summoning                4
 H - a book of Misfortune

   Spells                             Type                      Level
   a - Confusing Touch                Hexes                        1
   b - Confuse                        Hexes                        3
   c - Gell's Gravitas                Hexes/Translocation          3
   d - Petrify                        Transmutation/Earth          4
   e - Metabolic Englaciation         Hexes/Ice                    5
   f - Yara's Violent Unravelling     Hexes/Transmutation          5
 J - a book of Maledictions

   Spells                             Type                      Level
   a - Corona                         Hexes                        1
   b - Ensorcelled Hibernation        Hexes/Ice                    2
   c - Confuse                        Hexes                        3
   d - Tukima's Dance                 Hexes                        3
   e - Dazzling Spray                 Conjuration/Hexes            3
Comestibles
 f - 13 bread rations
 i - 8 meat rations
 z - 6 beef jerkies


   Skills:
 + Level 10.7(15.7) Fighting
 * Level 12.2(17.2) Long Blades
 - Level 4.2(9.2) Maces & Flails
 + Level 10.7(15.7) Armour
 + Level 11.6(16.6) Shields
 * Level 9.7 Invocations


You had 12 spell levels left.
You didn't know any spells.

Dungeon Overview and Level Annotations

Branches:
Dungeon (15/15)            Temple (1/1) D:6            Lair (0/6) D:8
    Orc: D:9-12      Vaults: D:13-14     Depths: D:15

Altars:
Ashenzari
Cheibriados
Dithmenos
Elyvilon
Fedhas
Gozag
Hepliaklqana
Kikubaaqudgha
Makhleb
Nemelex Xobeh
Okawaru
Qazlal
Ru
Sif Muna
Trog
Uskayaw
Vehumet
Xom
Yredelemnul
Zin
The Shining One

Shops:
D:8 [[?   D:9 }


Innate Abilities, Weirdness & Mutations

You are under a permanent stasis effect.
You can dig through walls and to a lower floor.
Your four strong arms can wield two-handed weapons with a shield.
You have a pair of large antennae on your head. (SInv)
You are partially covered in icy blue scales. (AC +2)


Message History

The eight-headed hydra bites you.
* * * LOW HITPOINT WARNING * * *
You block the eight-headed hydra's attack.
The eight-headed hydra bites you but does no damage.
The eight-headed hydra bites you!
* * * LOW HITPOINT WARNING * * *
You block the eight-headed hydra's attack.
You chop one of the eight-headed hydra's heads off!
The seven-headed hydra grows two more!
You slash the nine-headed hydra!
The nine-headed hydra is heavily wounded.
You barely miss the nine-headed hydra.
The nine-headed hydra is heavily wounded.
You chop one of the nine-headed hydra's heads off!
The eight-headed hydra grows two more!
You slice the ten-headed hydra!!
The ten-headed hydra is severely wounded.
You slice one of the ten-headed hydra's heads off!
The nine-headed hydra grows two more!
You slash the 11-headed hydra!
The 11-headed hydra is severely wounded.
The 11-headed hydra bites you!
You die...

..... .# #....
......##.# #.... ..
#.....####.... #.
#.(..#....... .
#......#.... ####
..#####.#...#.÷## #....
#........#....##
#.....###.####..####....
#.....D@..###....#...##.
#.....####.##.##...#.###
#.... ####.#..#[).##.###
.... #..((((.(((.((.(##
... #...............##
.. ...................##
. ≈≈≈≈.....≈≈≈≈.....(.#
≈≈≈≈≈...≈≈≈≈≈≈......#
≈≈≈≈≈...≈≈≈≈≈≈≈.(...##


You could see a 11-headed hydra.

Vanquished Creatures
  A hydra (D:11)
  A death knight (D:13)
  2 centaur warriors (D:13)
  Urug (D:11)
  4 unseen horrors
  2 skeletal warriors (D:13)
  The ghost of theAP the Basher, a novice GrBe of Trog (D:7)
  3 hill giants
  Pikel (D:8)
  3 ugly things
  A manticore (D:11)
  4 cyclopes
  A deep elf mage (D:14)
  A molten gargoyle (D:11)
  A gargoyle (D:14)
  2 freezing wraiths (D:13)
  A kobold demonologist (D:14)
  A komodo dragon (D:12)
  2 trolls
  The ghost of Yoshimo the Cudgeler, an amateur DgSk (D:4)
  A hornet (D:9)
  A two-headed ogre (D:10)
  2 hippogriffs
  Sigmund (D:2)
  2 wyverns
  12 yaks
  A basilisk (D:13)
  2 wraiths
  4 hungry ghosts
  A mottled dragon (D:11)
  3 vampire mosquitoes (D:12)
  Edmund (D:6)
  3 water moccasins
  A soldier ant (D:11)
  A hornet zombie (D:13)
  4 orc warriors
  A phantom (D:7)
  An ice beast (D:7)
  2 sky beasts
  2 slaves (D:8)
  2 black bears
  4 necrophages
  An eye of draining (D:13)
  7 ogres
  11 centaurs
  2 crocodiles (D:8)
  9 bullfrogs
  A wyvern zombie (D:10)
  A wyvern skeleton (D:9)
  8 scorpions
  5 killer bees
  5 wights
  10 electric eels (D:10)
  4 centaur zombies
  6 crimson imps
  4 hounds
  3 orc priests
  2 bullfrog skeletons
  4 centaur skeletons
  A gnoll shaman (D:9)
  3 jellies
  15 orc wizards
  2 iguanas
  11 worker ants
  5 adders
  8 gnolls
  2 shadow imps
  2 oozes
  An adder skeleton (D:5)
  5 dart slugs
  A worm (D:3)
  8 leopard geckos
  47 orcs
  4 giant cockroaches
  5 goblins
  7 hobgoblins
  15 jackals
  3 quokkas
  3 ball pythons
  4 bats
  3 frilled lizards
  A giant cockroach zombie (D:5)
  10 kobolds
  A quokka skeleton (D:4)
  6 rats
342 creatures vanquished.

Vanquished Creatures (others)
  A hound (D:8)
  A butterfly (D:8)
2 creatures vanquished.

Grand Total: 344 creatures vanquished

Notes
Turn   | Place    | Note
-------+----------+-------------------------------------------
     0 | D:1      | kae the Formicid Fighter began the quest for the Orb.
     0 | D:1      | Reached XP level 1. HP: 18/18 MP: 1/1
    89 | D:1      | Reached XP level 2. HP: 18/24 MP: 2/2
   502 | D:1      | Reached XP level 3. HP: 28/29 MP: 3/3
  1471 | D:2      | Noticed Sigmund
  1493 | D:2      | Killed Sigmund
  1493 | D:2      | Reached XP level 4. HP: 12/37 MP: 4/4
  1493 | D:2      | Reached XP level 5. HP: 14/42 MP: 5/5
  1493 | D:2      | Reached XP level 6. HP: 16/48 MP: 6/6
  1755 | D:2      | Found a glowing golden altar of the Shining One.
  1986 | D:2      | Found a stormy altar of Qazlal.
  3152 | D:4      | Gained mutation: You are partially covered in icy blue scales. (AC +2) [potion of beneficial mutation]
  3282 | D:4      | Noticed Yoshimo's ghost (amateur DgSk)
  3329 | D:4      | Noticed a dagger
  3329 | D:4      | Noticed a dagger
  3332 | D:4      | Found a hide-covered altar of Uskayaw.
  3341 | D:4      | Reached skill level 1 in Long Blades
  3441 | D:4      | Killed Yoshimo's ghost
  3441 | D:4      | Reached skill level 2 in Long Blades
  3441 | D:4      | Reached skill level 5 in Shields
  3441 | D:4      | Reached XP level 7. HP: 42/55 MP: 7/7
  3640 | D:4      | Reached skill level 5 in Fighting
  3640 | D:4      | Reached skill level 3 in Long Blades
  3695 | D:5      | Entered Level 5 of the Dungeon
  3701 | D:5      | Reached skill level 5 in Armour
  3705 | D:5      | Reached XP level 8. HP: 56/62 MP: 8/8
  3936 | D:5      | Reached skill level 4 in Long Blades
  3989 | D:5      | Found a burning altar of Makhleb.
  4226 | D:5      | Found a white marble altar of Elyvilon.
  4276 | D:5      | Found an ancient bone altar of Kikubaaqudgha.
  4657 | D:6      | Reached skill level 5 in Long Blades
  4671 | D:6      | Found a staircase to the Ecumenical Temple.
  4674 | D:6      | Reached XP level 9. HP: 69/69 MP: 9/9
  4690 | Temple   | Entered the Ecumenical Temple
  4727 | Temple   | Became a worshipper of Warmaster Okawaru
  4918 | D:6      | Noticed Edmund
  4926 | D:6      | Killed Edmund
  4926 | D:6      | Reached skill level 6 in Long Blades
  5237 | D:6      | Reached * piety under Okawaru
  5339 | D:7      | Found a snail-covered altar of Cheibriados.
  5343 | D:7      | Noticed theAP's ghost (novice GrBe)
  5353 | D:7      | Killed theAP's ghost
  5353 | D:7      | Reached skill level 7 in Long Blades
  5353 | D:7      | Reached XP level 10. HP: 62/79 MP: 10/10
  5787 | D:7      | Reached ** piety under Okawaru
  5999 | D:8      | Found Isohiss's Armour Shoppe.
  6011 | D:8      | Bought a +0 large shield of protection for 161 gold pieces
  6015 | D:8      | Found a shimmering altar of Xom.
  6036 | D:8      | Found a shattered altar of Ashenzari.
  6036 | D:8      | Found Muqenaf's Armour Shoppe.
  6078 | D:8      | Found a staircase to the Lair.
  6091 | D:8      | Reached skill level 8 in Long Blades
  6160 | D:8      | Noticed Pikel
  6189 | D:8      | Killed Pikel
  6189 | D:8      | Reached *** piety under Okawaru
  6340 | D:8      | Found a basalt altar of Yredelemnul.
  6379 | D:8      | Found Jumo's Magic Scroll Boutique.
  6509 | D:8      | Bought a scroll of enchant armour for 90 gold pieces
  6916 | D:9      | Found a sacrificial altar of Ru.
  7020 | D:9      | Reached XP level 11. HP: 87/87 MP: 11/11
  7096 | D:9      | Reached skill level 9 in Long Blades
  7148 | D:9      | Reached **** piety under Okawaru
  7346 | D:9      | Reached skill level 1 in Invocations
  7355 | D:9      | Found Hovvusch's Gadget Shop.
  7742 | D:10     | Entered Level 10 of the Dungeon
  8918 | D:10     | Noticed a hill giant
  8931 | D:10     | Killed a hill giant
  9915 | D:11     | Noticed a four-headed hydra
  9916 | D:11     | Noticed an unseen horror
  9918 | D:11     | Noticed a hill giant
  9934 | D:11     | Killed an unseen horror
  9934 | D:11     | Reached skill level 10 in Shields
  9942 | D:10     | Killed a hill giant
  9942 | D:10     | Reached skill level 10 in Long Blades
 10049 | D:11     | Noticed Urug
 10052 | D:11     | Noticed an unseen horror
 10057 | D:11     | Reached ***** piety under Okawaru
 10074 | D:11     | Killed Urug
 10156 | D:11     | Killed an unseen horror
 10156 | D:11     | Reached skill level 5 in Invocations
 10156 | D:11     | Reached XP level 12. HP: 47/96 MP: 15/15
 10274 | D:11     | Killed a four-headed hydra
 11054 | D:11     | HP: 7/145 [molten gargoyle/bolt of magma (4)]
 11057 | D:11     | Received a gift from Okawaru
 11057 | D:11     | Reached skill level 11 in Long Blades
 11898 | D:11     | Reached skill level 10 in Fighting
 12195 | D:12     | Reached skill level 10 in Armour
 12478 | D:12     | Noticed a vampire knight
 12480 | D:12     | Noticed a storm dragon
 12485 | D:12     | You fall through a shaft for 3 floors!
 12485 | D:15     | Entered Level 15 of the Dungeon
 12679 | D:14     | Reached XP level 13. HP: 75/103 MP: 18/18
 12815 | D:14     | Found a shadowy altar of Dithmenos.
 12916 | D:14     | Received a gift from Okawaru
 12972 | D:13     | Noticed a centaur warrior
 12991 | D:13     | Killed a centaur warrior
 13173 | D:13     | Noticed a centaur warrior
 13187 | D:13     | Reached skill level 12 in Long Blades
 13197 | D:13     | Killed a centaur warrior
 13683 | D:13     | Received a gift from Okawaru
 13928 | D:13     | Noticed a vault guard
 13948 | D:13     | Noticed a four-headed hydra
 13959 | D:13     | Slain by an 11-headed hydra

Skill      XL: |  1  2  3  4  5  6  7  8  9 10 11 12 13 |
---------------+----------------------------------------+-----
Shields        | 4 5 6 7 9 10 11 | 11.6
Maces & Flails | 4 |  4.2
Fighting       | 4 5 6 7 8 9 10 | 10.7
Armour         | 4 5 6 7 8 9 10 | 10.7
Long Blades    | 2 3 5 7 8 10 11 12 | 12.2
Invocations    | 5 7 9 |  9.7

Action                   |  1- 3 |  4- 6 |  7- 9 | 10-12 | 13-15 || total
-------------------------+-------+-------+-------+-------+-------++-------
Melee: Flail             |   151 |   112 |       |    14 |       ||   277
       Demon blade       |       |    17 |   163 |   465 |   145 ||   790
       Double sword      |       |       |       |   100 |       ||   100
Invok: Heroism           |       |       |       |     4 |     5 ||     9
       Finesse           |       |       |       |       |     1 ||     1
 Abil: Dig               |       |       |       |    10 |     6 ||    16
       Shaft Self        |       |       |       |     1 |       ||     1
  Use: Potion            |     2 |     1 |     2 |     4 |       ||     9
       Scroll            |       |    12 |     3 |     9 |       ||    24
  Eat: Chunk             |       |     8 |     4 |    22 |     4 ||    38
       Meat ration       |       |       |     1 |       |       ||     1
       Beef jerky        |       |       |       |     1 |     1 ||     2
       Pizza             |       |       |       |     1 |       ||     1
Armor: Scale mail        |    63 |    46 |    44 |   139 |    25 ||   317
Dodge: Dodged            |    52 |    33 |    37 |   129 |    21 ||   272
Block: Shield            |   104 |    68 |    69 |   197 |       ||   438
       Large shield      |       |       |       |   169 |    92 ||   261
       Rpst.: Demon blade |       |     1 |    14 |    28 |     6 ||    49
       Double sword      |       |       |       |     5 |       ||     5
